AoeStats
← mmartel76

Arena

510940217Analyzed
1v1 RM · 8h ago on Oct 3, 2026· 18m 13s· 2 players
Game mode
Random Map
Map size
Tiny (2 player)
Population
200
Speed
Normal
Resources
Standard
Victory
Conquest
Starting age
Dark Age
Ending age
Imperial Age
RankedLock teamsTeams togetherTeam positionsShared explorationLock speedFull tech treeHidden civsTurbo modeCheats
Victory
Defeat
🇵🇪 Saracens · Peru
470
+20
🇨🇳 Malay · China
553
-20
mmartel76
0:29 Loom
3:07 Loom
10:37 Feudal Age
11:14 Double-Bit Axe
12:10 Wheelbarrow
11:32 Horse Collar
15:27 Gold Mining
Captain_S7
13:11 Feudal Age
13:38 Wheelbarrow
13:04 Double-Bit Axe
13:34 Gold Mining
15:15 Stone Mining
15:42 Horse Collar
Connection lost

Rejoining the realm…

Still unreachable

The connection could not be restored.

Session expired

The server has moved on; the page needs a fresh start.